 Dungeon Crawl Stone Soup version 0.25-a0-663-gace7076f2c (webtiles) character file.

Game seed: 8688653983624009490, levelgen mode: deterministic

37 Alarkh the Slasher (level 3, 0/29 HPs)
             Began as a Demonspawn Fighter on Mar 25, 2020.
             Slain by an adder (1 damage)
             ... on level 2 of the Dungeon.
             The game lasted 00:00:50 (417 turns).

Alarkh the Slasher (Demonspawn Fighter)              Turns: 417, Time: 00:00:52

Health: 0/29       AC:  6    Str: 16    XL:     3   Next: 21%
Magic:  3/3        EV:  6    Int: 10    God:
Gold:   22         SH:  8    Dex: 12    Spells: 2/2 levels left

rFire    . . .     SeeInvis .   a - +0 long sword
rCold    . . .     Gourm    .   c - +0 kite shield
rNeg     . . .     Faith    .   b - +0 scale mail
rPois    .         Spirit   .   (no helmet)
rElec    .         Reflect  .   (no cloak)
rCorr    .         Harm     .   (no gloves)
MR       .....                  (no boots)
Stlth    ..........             (no amulet)
HPRegen  0.09/turn              (no ring)
MPRegen  0.08/turn              (no ring)

@: no status effects
A: demonic guardian 1
a: no special abilities


You were on level 2 of the Dungeon.
You were not hungry.

You visited 1 branch of the dungeon, and saw 3 of its levels.

You collected 22 gold pieces.

Inventory:

Hand Weapons
 a - a +0 long sword (weapon)
Armour
 b - a +0 scale mail (worn)
 c - a +0 kite shield (worn)
Scrolls
 e - 2 scrolls of remove curse {unknown}
 h - 2 scrolls of identify {unknown}
Potions
 d - a potion of might
Comestibles
 f - a ration
 g - 2 chunks of flesh


   Skills:
 - Level 3.0 Fighting
 + Level 3.3 Long Blades
 - Level 2.6 Armour
 - Level 2.6 Shields


You had 2 spell levels left.
You didn't know any spells.
Your spell library was empty.

Dungeon Overview and Level Annotations

Branches:
Dungeon (3/15)

Altars:
Kikubaaqudgha


Innate Abilities, Weirdness & Mutations

A weak demonic guardian rushes to your aid.


Message History

You closely miss the adder.
The adder is almost dead.
You feel sick. The adder bites you.
* * * LOW HITPOINT WARNING * * *
The adder bites you but does no damage.
You barely miss the adder.
The adder is almost dead.
The adder bites you.
* * * LOW HITPOINT WARNING * * *
The adder bites you but does no damage.
You closely miss the adder.
The adder is almost dead.
The adder bites you but does no damage.
You hit the adder but do no damage.
The adder is almost dead.
* * * LOW HITPOINT WARNING * * *
You feel sick.
You are no longer poisoned.
The adder bites you but does no damage. The adder bites you.
You die...

..# . ..... #...## #
..... # #...# ###.#
#...# 8##.# #...#
###.###########...##..#.
##.>.......).)..@S......
##.....#############..#.
8#.....'.......[...#
##.....###########.#
##.....# #.# ##.....#
#.# ##.....# #.##.#
...##### #.##.# ####
#.##.#


You could see an adder.

Vanquished Creatures
  A gnoll (D:2)
  A dart slug (D:3)
  A leopard gecko (D:2)
  A ball python (D:2)
  2 bats
  A giant cockroach (D:1)
  A goblin (D:3)
  A hobgoblin (D:1)
  2 kobolds (D:1)
  3 rats
14 creatures vanquished.

Vanquished Creatures (collateral kills)
  2 gnolls (D:2)
2 creatures vanquished.

Grand Total: 16 creatures vanquished

Notes
Turn   | Place    | Note
-------+----------+-------------------------------------------
     0 | D:1      | Alarkh the Demonspawn Fighter began the quest for the Orb.
     0 | D:1      | Reached XP level 1. HP: 18/18 MP: 1/1
   103 | D:1      | You fall into a shaft and drop 1 floor!
   103 | D:2      | Found an ancient bone altar of Kikubaaqudgha.
   162 | D:3      | Gained mutation: A weak demonic guardian rushes to your
                  | aid. [demonic ancestry]
   162 | D:3      | Reached XP level 2. HP: 24/24 MP: 2/2
   310 | D:2      | Reached XP level 3. HP: 18/29 MP: 3/3
   417 | D:2      | HP: 1/29 [poisoned by an adder]
   417 | D:2      | Slain by an adder

Levels and vault maps discovered:
D:1:      minmay_arrival_arboretum_small, layout_rooms
D:2:      layout_basic, lemuel_doored_altar, nicolae_overflow_hidden_temple,
          uniq_terence
D:3:      layout_basic, ashenzari_conservatory_becter, minivault_11,
          minmay_liquid_box, st_stairs_14, uniq_robin, uniq_natasha,
          uniq_sigmund

Skill      XL: |  1  2 |
---------------+-------+-----
Long Blades    | 2 3 |  3.3
Fighting       | |  3.0
Armour         | |  2.6
Shields        | |  2.6

Action                   || total
-------------------------++-------
Melee: Long sword        ||    73
Armor: Scale mail        ||    35
Dodge: Dodged            ||    22
Block: Kite shield       ||    35
       Rpst.: Long sword ||    10

Table legend:
 A = Non-vault XP
 B = Vault XP
 C = Vault XP percentage of total XP
 D = Non-vault monster count
 E = Vault monster count
 F = Vault count percentage of total count
                 A         B        C        D         E       F
            +---------+---------+-------+---------+---------+-------
      Total |      51 |       2 |   3.8 |      15 |       1 |   6.2
            +---------+---------+-------+---------+---------+-------
        D:1 |      10 |       0 |   0.0 |       6 |       0 |   0.0
        D:2 |      37 |       0 |   0.0 |       8 |       0 |   0.0
        D:3 |       4 |       2 |  33.3 |       1 |       1 |  50.0
            +---------+---------+-------+---------+---------+-------
